 Dungeon Crawl Stone Soup version 0.19.5 (webtiles) character file.

38367 equalderp2856 the Slicer (level 13, 0/103 HPs)
             Began as a Mummy Fighter on Mar 31, 2017.
             Slain by a five-headed hydra (9 damage)
             ... on level 15 of the Dungeon.
             The game lasted 01:39:37 (26384 turns).

equalderp2856 the Slicer (Mummy Fighter)           Turns: 26384, Time: 01:39:38

Health: 0/103      AC:  9    Str: 28    XL:     13   Next: 63%
Magic:  13/13      EV: 12    Int: 10    God:
Gold:   934        SH:  0    Dex: 13    Spells: 3 memorised, 6 levels left

rFire  x . .     SeeInvis .     a - +6 scimitar (freeze)
rCold  + . .     Gourm    .     x - +1 robe "Gepnixas" {+Inv Str+3}
rNeg   + + +     Faith    .     (no shield)
rPois  ∞         Spirit   .     D - +0 helmet
rElec  .         Reflect  .     X - +0 cloak of the Gusle {Str+5 Slay+5}
rCorr  .         Harm     .     h - +0 pair of gloves
MR     ++...                    T - +0 pair of boots
Stlth  ++........               (no amulet)
                                J - ring of protection from magic
                                O - ring of wizardry

@: studying 2 skills
A: no food or potions, fire vulnerability, cold resistance 1, negative energy
resistance 3, torment resistance, unbreathing, in touch with death 1
a: Evoke Invisibility


You were on level 15 of the Dungeon.
You were not hungry.

You visited 1 branch of the dungeon, and saw 15 of its levels.
You also visited: Bailey.

You collected 934 gold pieces.

Inventory:

Hand Weapons
 a - a +6 scimitar of freezing (weapon)
 b - a +2 vampiric long sword
 s - a +3 rapier of speed
 v - a +0 arbalest
 z - a +9 rapier of electrocution
 C - a +0 hunting sling of freezing
 H - a +0 shortbow
 K - a +1 dagger of distortion
 M - a +3 blowgun
 N - a +0 long sword
 R - a +7 dagger of venom
 Y - a +2 great sword
Missiles
 e - 100 bolts
 l - 99 poisoned needles
 p - 12 javelins of returning (quivered)
 w - 3 curare-tipped needles
 I - 417 arrows
Armour
 c - a +0 shield
 g - a +1 crystal plate armour
 h - a +0 pair of gloves (worn)
 i - a +1 plate armour
 k - a +2 robe of fire resistance
 x - the +1 robe "Gepnixas" (worn) {+Inv Str+3}
   (You found it on level 13 of the Dungeon)

   It affects your strength (+3).
   It lets you turn invisible.
 D - a +0 helmet (worn)
 L - a +0 robe
 S - a +1 cloak of magic resistance
 T - a +0 pair of boots (worn)
 W - a +0 cloak
 X - the +0 cloak of the Gusle (worn) {Str+5 Slay+5}
   (You found it on level 14 of the Dungeon)

   It affects your strength (+5).
   It affects your accuracy and damage with ranged weapons and melee attacks
   (+5).
 Z - a +2 robe of magic resistance
Jewellery
 j - an uncursed ring of protection from cold
 n - an uncursed ring of wizardry
 E - an uncursed ring of see invisible
 G - a +2 ring of evasion
 J - a ring of protection from magic (right hand)
 O - a ring of wizardry (left hand)
Wands
 m - a wand of random effects (17/48)
 y - a wand of slowing (14/48)
 A - a wand of confusion (6/48)
 P - a wand of paralysis (17/24)
Scrolls
 d - 12 scrolls of identify
 f - 2 scrolls of remove curse
 r - a scroll of blinking
 t - 8 scrolls of teleportation
 u - 6 scrolls of magic mapping
 F - a scroll of fear
 U - a scroll of enchant armour
 V - a scroll of amnesia
Books
 o - a book of Necromancy

   Spells                             Type                      Level
   a - Pain                           Necromancy                   1
   b - Animate Skeleton               Necromancy                   1
   c - Vampiric Draining              Necromancy                   3
   d - Regeneration                   Charms/Necromancy            3
   e - Animate Dead                   Necromancy                   4
   f - Control Undead                 Necromancy                   4
 q - a manual of
Armour
 B - a book of Geomancy

   Spells                             Type                      Level
   a - Sandblast                      Earth                        1
   b - Passwall                       Transmutation/Earth          2
   c - Stone Arrow                    Conjuration/Earth            3
   d - Petrify                        Transmutation/Earth          4
   e - Lee's Rapid Deconstruction     Earth                        5
 Q - a manual of Shields


   Skills:
 + Level 9.8 Fighting
 + Level 11.2(11.8) Short Blades
 + Level 6.4(9.7) Long Blades
 + Level 0.7 Crossbows
 + Level 4.1 Throwing
 + Level 9.9 Armour
 + Level 2.3 Dodging
 + Level 2.0 Stealth
 + Level 8.8 Shields
 + Level 1.9 Unarmed Combat
 + Level 0.7 Evocations


You had 6 spell levels left.
You knew the following spells:

 Your Spells              Type           Power        Failure   Level  Hunger
a - Sandblast             Erth           #.....       16%         1    N/A
b - Passwall              Tmut/Erth      #.........   30%         2    N/A
c - Stone Arrow           Conj/Erth      #.....       63%         3    N/A

Dungeon Overview and Level Annotations

Branches:
Dungeon (15/15)            Temple (0/1) D:7            Lair (0/6) D:10
    Orc (0/2) D:11         Vaults (0/5) D:13         Depths (0/5) D:15

Altars:
Gozag
Kikubaaqudgha
Okawaru
Qazlal
Sif Muna
Trog
Vehumet
Xom
Zin

Shops:
D:5 !

Annotations:
D:8 Prince Ribbit
D:10 exclusion: oklob plant
D:14 Agnes, Nessos
D:15 Urug


Innate Abilities, Weirdness & Mutations

You do not eat or drink.
Your flesh is vulnerable to fire.
You are immune to poison.
Your flesh is cold resistant. (rC+)
You are immune to negative energy. (rN+++)
You are immune to unholy pain and torment.
You can survive without breathing.
You are in touch with the powers of death.


Message History

Keep disrobing?
Uppercase [Y]es or [N]o only, please.
Keep disrobing?
The troll barely misses you.
You start removing your armour.
You continue taking off the +1 robe "Gepnixas" {+Inv Str+3}. x2
The five-headed hydra misses you.
The five-headed hydra barely misses you.
The five-headed hydra bites you!
* * * LOW HITPOINT WARNING * * *
The five-headed hydra barely misses you.
The five-headed hydra bites you.
* * * LOW HITPOINT WARNING * * *
You continue taking off the +1 robe "Gepnixas" {+Inv Str+3}.
The five-headed hydra bites you.
* * * LOW HITPOINT WARNING * * *
The five-headed hydra bites you!
* * * LOW HITPOINT WARNING * * *
The five-headed hydra bites you!
You die...

### #.. #.#
#.# #@# #D# #
#T# #. ###{##
#.#
#.$ZZ#######.
..#
#.#.#[.......
#.##
#.###Z#####.#
#.## # #.# #.
####... #.#
#.##.##.##


You could see a five-headed hydra, a troll, a hornet simulacrum and a centaur
warrior skeleton.

Vanquished Creatures
  Rupert (D:13)
  A hydra (D:13)
  8 vault guards (D:13)
  An anaconda (shapeshifter) (D:14)
  A tengu warrior (D:13)
  Sonja (D:11)
  Nergalle (D:11)
  An unseen horror (D:10)
  A wizard (D:13)
  6 hill giants
  Pikel (D:4)
  3 deep elf magi
  An ugly thing (D:11)
  A manticore (D:12)
  Maurice (D:8)
  Joseph (D:8)
  Psyche (D:8)
  2 gargoyles
  A kobold demonologist (D:11)
  A tengu conjurer (D:13)
  5 trolls
  3 hornets
  3 hippogriffs
  A meliai zombie (D:11)
  A shadow (D:14)
  A vampire (D:11)
  15 yaks
  A wyvern (D:13)
  Grum (D:11)
  A wraith (D:13)
  5 hungry ghosts
  Eustachio (D:6)
  7 vampire mosquitoes
  A soldier ant (D:8)
  A mottled dragon (D:11)
  22 orc warriors
  A swamp drake (D:11)
  8 ice beasts
  5 sky beasts
  A necrophage (D:5)
  A black bear (D:9)
  2 eyes of draining
  2 ogres
  4 phantoms
  The ghost of catytiger the Sneak, an amateur DrAs (D:6)
  20 centaurs
  3 wolves (D:10)
  A crocodile (D:12)
  8 big kobolds
  Blork the orc (D:6)
  13 bullfrogs
  8 scorpions
  10 killer bees
  3 wights (D:12)
  2 howler monkeys (D:7)
  11 crimson imps
  6 centaur zombies
  2 quasits (D:9)
  4 hounds
  3 jellies
  10 orc priests
  3 bullfrog zombies
  2 bullfrog skeletons
  11 orc wizards
  3 centaur skeletons
  15 worker ants
  A killer bee zombie (D:6)
  A hound skeleton (D:7)
  A howler monkey zombie (D:6)
  8 gnolls
  10 adders
  3 shadow imps
  An ooze (D:1)
  An adder zombie (D:4)
  4 adder skeletons
  2 worms (D:2)
  5 leopard geckos
  76 orcs
  2 ball pythons
  5 giant cockroaches
  10 goblins
  6 hobgoblins
  12 jackals
  44 kobolds
  6 quokkas
  4 bats
  A jackal skeleton (D:6)
  A quokka skeleton (D:7)
  6 rats
478 creatures vanquished.

Vanquished Creatures (others)
  An orc wizard (D:6)
  4 fungi (D:12)
  A plant (D:10)
6 creatures vanquished.

Grand Total: 484 creatures vanquished

Notes
Turn   | Place    | Note
-------+----------+-------------------------------------------
     0 | D:1      | equalderp2856 the Mummy Fighter began the quest for the Orb.
     0 | D:1      | Reached XP level 1. HP: 18/18 MP: 1/1
   142 | D:1      | Reached XP level 2. HP: 17/24 MP: 2/2
   951 | D:2      | Reached XP level 3. HP: 23/29 MP: 3/3
  1499 | D:2      | Found an opulent altar of Gozag.
  1786 | D:3      | Reached XP level 4. HP: 36/36 MP: 4/4
  2172 | D:4      | Reached XP level 5. HP: 42/42 MP: 5/5
  2185 | D:4      | Noticed a slave
  2185 | D:4      | Noticed a slave
  2186 | D:4      | Noticed Pikel
  2188 | D:4      | Noticed a slave
  2490 | D:5      | Entered Level 5 of the Dungeon
  2490 | D:5      | Noticed a necrophage
  2501 | D:5      | Killed a necrophage
  2513 | D:5      | Reached XP level 6. HP: 28/48 MP: 6/6
  2732 | D:5      | Noticed an ice beast
  2747 | D:5      | Killed an ice beast
  2795 | D:5      | Found Eriuhiss's Distillery.
  3171 | D:6      | Noticed catytiger's ghost (amateur DrAs)
  3198 | D:6      | Killed catytiger's ghost
  3198 | D:6      | Reached skill level 1 in Short Blades
  3268 | D:6      | Reached skill level 2 in Short Blades
  3268 | D:6      | Reached XP level 7. HP: 48/54 MP: 7/7
  3315 | D:6      | Noticed Eustachio
  3366 | D:7      | Noticed a hungry ghost
  3392 | D:7      | Killed a hungry ghost
  3392 | D:7      | Reached skill level 3 in Short Blades
  3511 | D:6      | Killed Eustachio
  3658 | D:6      | Reached skill level 4 in Short Blades
  3658 | D:6      | Reached XP level 8. HP: 58/61 MP: 8/8
  3729 | D:6      | Found a shimmering altar of Xom.
  3732 | D:6      | Noticed an angel
  3733 | D:6      | Found a glowing silver altar of Zin.
  3924 | D:6      | Reached skill level 5 in Short Blades
  4456 | D:7      | Reached skill level 5 in Fighting
  4647 | D:7      | Found a staircase to the Ecumenical Temple.
  4763 | D:7      | Found a bloodstained altar of Trog.
  4786 | D:7      | Reached skill level 6 in Short Blades
  4786 | D:7      | Reached XP level 9. HP: 39/68 MP: 9/9
  4905 | D:7      | Reached skill level 1 in Throwing
  5691 | D:7      | Reached skill level 5 in Shields
  6241 | D:8      | Found a deep blue altar of Sif Muna.
  6243 | D:8      | Found a stormy altar of Qazlal.
  6283 | D:8      | Noticed Psyche
  6297 | D:8      | Killed Psyche
  6297 | D:8      | Reached skill level 1 in Dodging
  6714 | D:8      | Noticed Prince Ribbit
  6716 | D:8      | Noticed Joseph
  6730 | D:8      | Paralysed by Joseph for 5 turns
  6748 | D:8      | Killed Joseph
  6748 | D:8      | Reached skill level 5 in Armour
  7046 | D:8      | Found a radiant altar of Vehumet.
  7188 | D:8      | Noticed Maurice
  7246 | D:8      | Killed Maurice
  7246 | D:8      | Reached XP level 10. HP: 56/76 MP: 10/10
  7421 | D:9      | Reached skill level 7 in Short Blades
  7532 | D:9      | Reached skill level 1 in Stealth
  8188 | D:4      | Found an ancient bone altar of Kikubaaqudgha.
  8319 | D:4      | Killed Pikel
  9555 | D:6      | Noticed Blork the orc
  9568 | D:6      | Killed Blork the orc
  9794 | D:6      | Found a runed door.
 10135 | D:9      | Noticed a hill giant
 10520 | D:7      | Killed a hill giant
 10520 | D:7      | Reached skill level 8 in Short Blades
 11473 | D:10     | Entered Level 10 of the Dungeon
 11542 | D:10     | Noticed a hill giant
 11829 | D:9      | Killed a hill giant
 11829 | D:9      | Reached XP level 11. HP: 74/84 MP: 11/11
 12458 | D:10     | Noticed a hill giant
 12488 | D:10     | Killed a hill giant
 12679 | D:10     | Found a staircase to the Lair.
 12679 | D:10     | Noticed an oklob plant
 12961 | D:11     | Noticed Grum
 13322 | D:10     | Reached skill level 9 in Short Blades
 14057 | D:11     | Noticed a cyan ugly thing
 14098 | D:11     | Killed Grum
 14600 | D:11     | Noticed a sixfirhy
 14730 | D:11     | Noticed a hill giant
 14750 | D:11     | Killed a hill giant
 14853 | D:11     | Found an iron altar of Okawaru.
 15131 | D:10     | Noticed an unseen horror
 15144 | D:10     | Killed an unseen horror
 15341 | D:11     | Noticed Sonja
 15426 | D:11     | Killed a cyan ugly thing
 15586 | D:11     | Killed Sonja
 16183 | D:11     | Found a staircase to the Orcish Mines.
 16231 | D:11     | Reached XP level 12. HP: 93/93 MP: 12/12
 17043 | D:12     | Learned a level 1 spell: Sandblast
 17102 | D:10     | Reached skill level 10 in Short Blades
 17180 | D:12     | Noticed Nergalle
 17573 | D:11     | Killed Nergalle
 19287 | D:13     | Found a flagged portal.
 19298 | Bailey   | Entered a bailey
 20220 | Bailey   | Reached skill level 5 in Long Blades
 21606 | Bailey   | Learned a level 2 spell: Passwall
 21610 | Bailey   | Learned a level 3 spell: Stone Arrow
 22403 | D:13     | Found a gate to the Vaults.
 22403 | D:13     | Noticed a vault guard
 22403 | D:13     | Noticed a vault guard
 22403 | D:13     | Noticed a vault guard
 22403 | D:13     | Noticed a vault guard
 22403 | D:13     | Noticed a vault guard
 22404 | D:13     | Noticed a vault guard
 22463 | D:13     | Killed a vault guard
 22469 | D:13     | Killed a vault guard
 22481 | D:13     | Killed a vault guard
 22485 | D:13     | Killed a vault guard
 22485 | D:13     | Gained mutation: You are in touch with the powers of death. [Mummy growth]
 22485 | D:13     | Reached XP level 13. HP: 101/101 MP: 13/13
 22727 | D:13     | Reached skill level 11 in Short Blades
 23816 | D:13     | Got a colourful robe
 23828 | D:13     | Identified the +1 robe "Gepnixas" {+Inv Str+3} (You found it on level 13 of the Dungeon)
 24728 | D:14     | Noticed Rupert
 24773 | D:14     | Reached skill level 1 in Unarmed Combat
 24876 | D:14     | Got a heavily runed cloak
 24896 | D:13     | Identified the +0 cloak of the Gusle {Str+5 Slay+5} (You found it on level 14 of the Dungeon)
 24916 | D:13     | Paralysed by Rupert for 2 turns
 24928 | D:13     | Killed Rupert
 24983 | D:14     | Noticed Agnes
 24997 | D:14     | Noticed Nessos
 26164 | D:15     | Entered Level 15 of the Dungeon
 26328 | D:15     | Found a staircase to the Depths.
 26328 | D:15     | Noticed a fire giant
 26342 | D:15     | Noticed Urug
 26384 | D:15     | Slain by a five-headed hydra

Skill      XL: |  1  2  3  4  5  6  7  8  9 10 11 12 13 |
---------------+----------------------------------------+-----
Long Blades    | 2 3 4 5 6 |  6.4
Shields        | 3 4 5 6 7 8 |  8.8
Armour         | 3 4 5 6 7 9 |  9.9
Fighting       | 4 5 6 7 8 9 |  9.8
Short Blades   | 2 4 6 8 9 10 11 | 11.2
Throwing       | 2 3 4 |  4.1
Dodging        | 1 2 |  2.3
Stealth        | 1 2 |  2.0
Unarmed Combat | 1 |  1.9
Crossbows      | |  0.7
Evocations     | |  0.7

Action                   |  1- 3 |  4- 6 |  7- 9 | 10-12 | 13-15 || total
-------------------------+-------+-------+-------+-------+-------++-------
Melee: Long sword        |   164 |    73 |    30 |       |    16 ||   283
       Rapier            |       |    90 |   304 |   916 |    69 ||  1379
       Dagger            |       |       |    55 |       |       ||    55
       Scimitar          |       |       |       |    97 |   215 ||   312
       Unarmed           |       |       |       |       |   129 ||   129
       Punch             |       |       |       |       |     2 ||     2
 Fire: Blowgun           |       |       |     9 |       |       ||     9
       Arbalest          |       |       |     4 |       |       ||     4
Throw: Javelin           |       |     3 |       |    61 |       ||    64
Evoke: Wand              |       |       |       |     8 |       ||     8
  Use: Scroll            |       |     4 |       |    19 |     2 ||    25
 Stab: Distracted        |       |       |     1 |       |       ||     1
Armor: Scale mail        |    28 |       |       |       |       ||    28
       Robe              |     1 |       |       |     5 |    43 ||    49
       Plate armour      |    79 |    96 |   187 |   605 |       ||   967
       Crystal plate arm |       |       |       |    20 |   235 ||   255
       Skin              |       |       |       |     5 |     3 ||     8
Dodge: Dodged            |    44 |    23 |    60 |   174 |   104 ||   405
Block: Shield            |    93 |    68 |   147 |   446 |    79 ||   833
       Rpst.: Long sword |    14 |     4 |     1 |       |       ||    19
       Scimitar          |       |       |       |     7 |     7 ||    14
